UNITED STATES SILVER LEAGUE
ROCKY MOUNTAIN BEARS VS NEW AMSTERDAM REPUBLICS
08/08/2014
 
TOP OF THE 1ST
New Amsterdam Republics batting - Pitching for Rocky Mountain Bears : RHP Raúl García
Pitching: RHP Raúl García
Batting: SHB Ludovico Bluemel 0-0: Ball
1-0: Ground out 6-3 (Groundball, 6)
Batting: RHB Rodrigo Luna 0-0: Ball
1-0: Called Strike
1-1: Foul Ball, location: 2F
1-2: Foul Ball, location: 2F
1-2: Ball
2-2: Ball
3-2: Foul Ball, location: 2F
3-2: Ground out 6-3 (Groundball, 6)
Batting: LHB Steve Ingram 0-0: Ball
1-0: Called Strike
1-1: Fly out, F8 (Popup, 6MD)
Top of the 1st over - 0 run(s), 0 hit(s), 0 error(s), 0 left on base; New Amsterdam 0 - Rocky Mountain 0
BOTTOM OF THE 1ST
Rocky Mountain Bears batting - Pitching for New Amsterdam Republics : RHP José Velásquez
Pitching: RHP José Velásquez
Batting: RHB Mark Melton 0-0: Ball
1-0: Ball
2-0: Ball
3-0: Base on Balls
Batting: SHB Charles Waller 0-0: Ball
1-0: Swinging Strike
1-1: Ball
2-1: Foul Ball, location: 2F
2-2: Strikes out looking
Throwing error on steal attempt, E2
Mark Melton to third
Batting: SHB Jim Morris 0-0: Ball
1-0: Ground out 1-3 (Groundball, 13S)
Batting: LHB Tim Walker 0-0: Swinging Strike
0-1: Called Strike
0-2: Ball
1-2: Ball
2-2: Ball
3-2: Foul Ball, location: 2F
3-2: Base on Balls
Batting: RHB Merrill Campbell 0-0: Ball
1-0: Ball
2-0: Ball
3-0: Base on Balls
Tim Walker to second
Batting: RHB Cliff Dixon 0-0: Ball
1-0: Swinging Strike
1-1: Called Strike
1-2: Ball
2-2: Fly out, F9 (Flyball, 9LMF)
Bottom of the 1st over - 0 run(s), 0 hit(s), 1 error(s), 3 left on base; New Amsterdam 0 - Rocky Mountain 0
TOP OF THE 2ND
New Amsterdam Republics batting - Pitching for Rocky Mountain Bears : RHP Raúl García
Batting: RHB Lawrence Bell 0-0: Swinging Strike
0-1: Ground out 6-3 (Groundball, 6)
Batting: RHB Colby Turner 0-0: Foul Ball, location: 2F
0-1: Ball
1-1: Foul Ball, location: 2F
1-2: Ball
2-2: Foul Ball, location: 2F
2-2: Ball
3-2: Base on Balls
Batting: RHB Tony Torres 0-0: Ball
1-0: Ball
2-0: Called Strike
2-1: Ball
3-1: Base on Balls
Colby Turner to second
Batting: SHB David Pacheco 0-0: Ball
1-0: Ball
2-0: Foul Ball, location: 2F
2-1: Grounds into double play, 4-6-3 (Groundball, 4)
Top of the 2nd over - 0 run(s), 0 hit(s), 0 error(s), 2 left on base; New Amsterdam 0 - Rocky Mountain 0
BOTTOM OF THE 2ND
Rocky Mountain Bears batting - Pitching for New Amsterdam Republics : RHP José Velásquez
Batting: RHB Alejandro Robles 0-0: Called Strike
0-1: Foul Ball, location: 2F
0-2: Foul Ball, location: 2F
0-2: Ball
1-2: SINGLE (Groundball, 6MD)
Batting: RHB Jason Nicholson 0-0: Ball
1-0: Ball
2-0: Called Strike
2-1: Swinging Strike
2-2: Ball
3-2: Foul Ball, location: 2F
3-2: Foul Ball, location: 2F
3-2: DOUBLE (Line Drive, 5L)
Alejandro Robles to third
Batting: RHB Raúl García 0-0: Ball
1-0: Called Strike
1-1: Ball
2-1: Ball
3-1: Fly out, F8 (Flyball, 8LXD)
Runner from 3rd tags up, SCORES, no throw
Jason Nicholson to third
Batting: RHB Mark Melton 0-0: Called Strike
0-1: Ball
1-1: Foul Ball, location: 2F
1-2: Fly out, F9 (Flyball, 9S)
Batting: SHB Charles Waller 0-0: Called Strike
0-1: Ball
1-1: Fly out, F8 (Line Drive, 8LS)
Bottom of the 2nd over - 1 run(s), 2 hit(s), 0 error(s), 1 left on base; New Amsterdam 0 - Rocky Mountain 1
TOP OF THE 3RD
New Amsterdam Republics batting - Pitching for Rocky Mountain Bears : RHP Raúl García
Batting: RHB Chip Teague 0-0: Called Strike
0-1: Foul Ball, location: 2F
0-2: Ball
1-2: Ball
2-2: Foul Ball, location: 2F
2-2: Foul Ball, location: 2F
2-2: Foul Ball, location: 2F
2-2: Strikes out swinging
Batting: RHB José Velásquez 0-0: Called Strike
0-1: Ball
1-1: Ball
2-1: Ball
3-1: SINGLE (Groundball, 4MD)
Batting: SHB Ludovico Bluemel 0-0: Ball
1-0: Ball
2-0: Ball
3-0: Base on Balls
José Velásquez to second
Batting: RHB Rodrigo Luna 0-0: Ball
1-0: Ball
2-0: Called Strike
2-1: Foul Ball, location: 2F
2-2: Strikes out looking
Batting: LHB Steve Ingram 0-0: Swinging Strike
0-1: Fielders Choice at 2nd, U4 (Groundball, 4M)
Top of the 3rd over - 0 run(s), 1 hit(s), 0 error(s), 2 left on base; New Amsterdam 0 - Rocky Mountain 1
BOTTOM OF THE 3RD
Rocky Mountain Bears batting - Pitching for New Amsterdam Republics : RHP José Velásquez
Batting: SHB Jim Morris 0-0: Foul Ball, location: 2F
0-1: Ground out 3-1 (Groundball, 34S)
Batting: LHB Tim Walker 0-0: Called Strike
0-1: Foul Ball, location: 2F
0-2: Foul Ball, location: 2F
0-2: Ball
1-2: Ball
2-2: Foul Ball, location: 2F
2-2: Ground out 1-3 (Groundball, 23)
Batting: RHB Merrill Campbell 0-0: Called Strike
0-1: Ball
1-1: Foul Ball, location: 2F
1-2: Foul Ball, location: 2F
1-2: SINGLE (Line Drive, 4MD)
Batting: RHB Cliff Dixon 0-0: Called Strike
0-1: SINGLE (Line Drive, 8LS)
Merrill Campbell to second
Batting: RHB Alejandro Robles 0-0: SINGLE (Groundball, 56D)
Merrill Campbell to third
Cliff Dixon to second
Runner from 3rd tries for Home, SAFE, no throw or cutoff
Batting: RHB Jason Nicholson 0-0: Foul Ball, location: 2F
0-1: Ball
1-1: Swinging Strike
1-2: Ball
2-2: Foul Ball, location: 2F
2-2: Foul Ball, location: 2F
2-2: Foul Ball, location: 2F
2-2: Hit by Pitch
Cliff Dixon to third
Alejandro Robles to second
Batting: RHB Raúl García 0-0: Ball
1-0: Called Strike
1-1: Ball
2-1: Ball
3-1: Base on Balls
Cliff Dixon scores
Alejandro Robles to third
Jason Nicholson to second
Batting: RHB Mark Melton 0-0: Hit by Pitch
Alejandro Robles scores
Jason Nicholson to third
Raúl García to second
Batting: SHB Charles Waller 0-0: Ball
1-0: Foul Ball, location: 2F
1-1: Ball
2-1: Ball
3-1: Called Strike
3-2: Fly out, F7 (Flyball, 7M)
Bottom of the 3rd over - 3 run(s), 3 hit(s), 0 error(s), 3 left on base; New Amsterdam 0 - Rocky Mountain 4
TOP OF THE 4TH
New Amsterdam Republics batting - Pitching for Rocky Mountain Bears : RHP Raúl García
Batting: RHB Lawrence Bell 0-0: Swinging Strike
0-1: Ball
1-1: Swinging Strike
1-2: Strikes out swinging
Batting: RHB Colby Turner 0-0: Ball
1-0: Ball
2-0: Ball
3-0: Called Strike
3-1: Called Strike
3-2: SINGLE (Line Drive, 34)
Batting: RHB Tony Torres 0-0: Ball
1-0: Ball
2-0: Ball
3-0: Foul Ball, location: 2F
3-1: Fly out, F9 (Flyball, 9M)
Batting: SHB David Pacheco 0-0: Ball
Colby Turner steals 2nd base
1-0: Ball
2-0: Called Strike
2-1: Ball
3-1: Base on Balls
Batting: RHB Chip Teague 0-0: Ball
1-0: Ball
2-0: Called Strike
2-1: Swinging Strike
2-2: Fielders Choice at 2nd, U6 (Groundball, 6M)
Top of the 4th over - 0 run(s), 1 hit(s), 0 error(s), 2 left on base; New Amsterdam 0 - Rocky Mountain 4
BOTTOM OF THE 4TH
Rocky Mountain Bears batting - Pitching for New Amsterdam Republics : RHP José Velásquez
Batting: SHB Jim Morris 0-0: Ball
1-0: Foul Ball, location: 2F
1-1: Called Strike
1-2: Ground out 3-1 (Groundball, 34S)
Batting: LHB Tim Walker 0-0: Called Strike
0-1: Called Strike
0-2: Ball
1-2: Ball
2-2: Strikes out swinging
Batting: RHB Merrill Campbell 0-0: Called Strike
0-1: Ball
1-1: Foul Ball, location: 2F
1-2: Ball
2-2: Foul Ball, location: 2F
2-2: Strikes out swinging
Bottom of the 4th over - 0 run(s), 0 hit(s), 0 error(s), 0 left on base; New Amsterdam 0 - Rocky Mountain 4
TOP OF THE 5TH
New Amsterdam Republics batting - Pitching for Rocky Mountain Bears : RHP Raúl García
Pinch Hitting: SHB Juan López 0-0: Foul Ball, location: 2F
0-1: Called Strike
0-2: Ball
1-2: Ball
2-2: SOLO HOME RUN (Flyball, 8RXD), Distance : 438 ft
Batting: SHB Ludovico Bluemel 0-0: Fly out, F3 (Line Drive, 3)
Batting: RHB Rodrigo Luna 0-0: Called Strike
0-1: SINGLE (Groundball, 56D)
Batting: LHB Steve Ingram 0-0: Ball
1-0: Called Strike
1-1: Called Strike
1-2: Ball
2-2: Fly out, F9 (Flyball, 89D)
Batting: RHB Lawrence Bell 0-0: Ball
1-0: Called Strike
1-1: SINGLE (Line Drive, 8LS)
Rodrigo Luna to second
Runner from 2nd tries for 3rd, SAFE, throw made to third
Batting: RHB Colby Turner 0-0: Ball
1-0: Called Strike
1-1: Swinging Strike
1-2: Ground out 4-3 (Groundball, 4)
Top of the 5th over - 1 run(s), 3 hit(s), 0 error(s), 2 left on base; New Amsterdam 1 - Rocky Mountain 4
BOTTOM OF THE 5TH
Rocky Mountain Bears batting - Pitching for New Amsterdam Republics : RHP José Velásquez
Pitching: RHP Alfonso Galván
Batting: RHB Cliff Dixon 0-0: Called Strike
0-1: Fly out, F8 (Flyball, 89D)
Batting: RHB Alejandro Robles 0-0: Ball
1-0: Ball
2-0: Ball
3-0: Called Strike
3-1: Base on Balls
Batting: RHB Jason Nicholson 0-0: Swinging Strike
0-1: Ball
1-1: Ball
2-1: Called Strike
2-2: Ball
3-2: Foul Ball, location: 2F
3-2: Foul Ball, location: 2F
3-2: Base on Balls
Alejandro Robles to second
Batting: RHB Raúl García 0-0: Sac Bunt - play at first, batter OUT! 1-4
Alejandro Robles to third
Jason Nicholson to second
Batting: RHB Mark Melton 0-0: Called Strike
0-1: Swinging Strike
0-2: Ball
1-2: Ball
2-2: Fly out, F8 (Flyball, 8RM)
Bottom of the 5th over - 0 run(s), 0 hit(s), 0 error(s), 2 left on base; New Amsterdam 1 - Rocky Mountain 4
TOP OF THE 6TH
New Amsterdam Republics batting - Pitching for Rocky Mountain Bears : RHP Raúl García
Batting: RHB Tony Torres 0-0: Ball
1-0: Ball
2-0: Called Strike
2-1: Swinging Strike
2-2: DOUBLE (Flyball, 89XD)
Batting: SHB David Pacheco 0-0: Fly out, F8 (Flyball, 8RM)
Batting: RHB Chip Teague 0-0: Swinging Strike
0-1: Swinging Strike
0-2: Fly out, F9 (Flyball, 9M)
Pinch Hitting: RHB Raúl Hernández 0-0: Ball
1-0: Ball
2-0: Ball
3-0: Base on Balls
Pitching: LHP Ryan Miller
Batting: SHB Ludovico Bluemel 0-0: Foul Ball, location: 2F
0-1: Called Strike
0-2: Strikes out looking
Top of the 6th over - 0 run(s), 1 hit(s), 0 error(s), 2 left on base; New Amsterdam 1 - Rocky Mountain 4
BOTTOM OF THE 6TH
Rocky Mountain Bears batting - Pitching for New Amsterdam Republics : RHP Alfonso Galván
Pitching: LHP Sergio Rey
Batting: SHB Charles Waller 0-0: Ball
1-0: SINGLE (Groundball, 56D) (infield hit)
Batting: SHB Jim Morris 0-0: Swinging Strike
0-1: Fielders Choice at 2nd, 5-4 (Groundball, 56)
Batting: LHB Tim Walker 0-0: Called Strike
0-1: Swinging Strike
0-2: Ball
1-2: Strikes out swinging
Batting: RHB Merrill Campbell 0-0: Called Strike
0-1: Ball
1-1: Ball
2-1: Ball
3-1: Base on Balls
Jim Morris to second
Batting: RHB Cliff Dixon 0-0: Foul Ball, location: 2F
0-1: Swinging Strike
0-2: Fly out, F8 (Flyball, 8RM)
Bottom of the 6th over - 0 run(s), 1 hit(s), 0 error(s), 2 left on base; New Amsterdam 1 - Rocky Mountain 4
TOP OF THE 7TH
New Amsterdam Republics batting - Pitching for Rocky Mountain Bears : LHP Ryan Miller
Batting: RHB Rodrigo Luna 0-0: Ball
1-0: Called Strike
1-1: Foul Ball, location: 2F
1-2: Strikes out swinging
Batting: LHB Steve Ingram 0-0: Called Strike
0-1: Foul Ball, location: 2F
0-2: Ball
1-2: Ball
2-2: Fly out, F7 (Flyball, 7M)
Batting: RHB Lawrence Bell 0-0: Called Strike
0-1: Ball
1-1: Swinging Strike
1-2: Ball
2-2: Foul Ball, location: 2F
2-2: Ground out 6-3 (Groundball, 6)
Top of the 7th over - 0 run(s), 0 hit(s), 0 error(s), 0 left on base; New Amsterdam 1 - Rocky Mountain 4
BOTTOM OF THE 7TH
Rocky Mountain Bears batting - Pitching for New Amsterdam Republics : LHP Sergio Rey
Batting: RHB Alejandro Robles 0-0: Called Strike
0-1: Fly out, F4 (Flyball, 8RS)
Batting: RHB Jason Nicholson 0-0: Ball
1-0: Swinging Strike
1-1: Ball
2-1: Ball
3-1: Called Strike
3-2: Ground out 1-3 (Groundball, 56S)
Pinch Hitting: RHB Jeff Gardner 0-0: Fly out, F9 (Line Drive, 9M)
Bottom of the 7th over - 0 run(s), 0 hit(s), 0 error(s), 0 left on base; New Amsterdam 1 - Rocky Mountain 4
TOP OF THE 8TH
New Amsterdam Republics batting - Pitching for Rocky Mountain Bears : LHP Ryan Miller
Pitching: LHP Glaucio Picamilho
Now at C: Dan Finch
Batting: RHB Colby Turner 0-0: SINGLE (Groundball, 4MD)
Batting: RHB Tony Torres 0-0: Fly out, F8 (Flyball, 8LM)
Batting: SHB David Pacheco 0-0: Called Strike
0-1: Ball
1-1: Ball
2-1: SINGLE (Groundball, 56)
Colby Turner to second
Batting: RHB Chip Teague 0-0: Ball
1-0: Foul Ball, location: 2F
1-1: Ball
2-1: SINGLE (Line Drive, 8LS)
Colby Turner to third
David Pacheco to second
Runner from 3rd tries for Home, SAFE, no throw or cutoff
Pinch Hitting: RHB Juan Benítez 0-0: Ball
1-0: Foul Ball, location: 2F
1-1: Ball
2-1: Called Strike
2-2: Strikes out looking
Batting: SHB Ludovico Bluemel 0-0: Ball
1-0: Ball
2-0: Ball
3-0: Called Strike
3-1: Called Strike
3-2: Base on Balls
David Pacheco to third
Chip Teague to second
Batting: RHB Rodrigo Luna 0-0: Ball
1-0: Ball
2-0: Fly out, F7 (Flyball, 7M)
Top of the 8th over - 1 run(s), 3 hit(s), 0 error(s), 3 left on base; New Amsterdam 2 - Rocky Mountain 4
BOTTOM OF THE 8TH
Rocky Mountain Bears batting - Pitching for New Amsterdam Republics : LHP Sergio Rey
Pitching: RHP Wynn Burton
Batting: RHB Mark Melton 0-0: Foul Ball, location: 2F
0-1: Called Strike
0-2: Ball
1-2: Fly out, F7 (Popup, 6D)
Batting: SHB Charles Waller 0-0: Ball
1-0: Foul Ball, location: 2F
1-1: Ground out 4-3 (Groundball, 4)
Batting: SHB Jim Morris 0-0: Ball
1-0: Called Strike
1-1: Ball
2-1: Fly out, F4 (Popup, 4D)
Bottom of the 8th over - 0 run(s), 0 hit(s), 0 error(s), 0 left on base; New Amsterdam 2 - Rocky Mountain 4
TOP OF THE 9TH
New Amsterdam Republics batting - Pitching for Rocky Mountain Bears : LHP Glaucio Picamilho
Pitching: RHP John Dodson
Batting: LHB Steve Ingram 0-0: Ball
1-0: Fly out, F9 (Flyball, 89D)
Batting: RHB Lawrence Bell 0-0: Ground out 5-3 (Groundball, 5)
Batting: RHB Colby Turner 0-0: Swinging Strike
0-1: Swinging Strike
0-2: Ball
1-2: Ball
2-2: Foul Ball, location: 2F
2-2: Foul Ball, location: 2F
2-2: Foul Ball, location: 2F
2-2: Ground out 6-3 (Groundball, 56)
Top of the 9th over - 0 run(s), 0 hit(s), 0 error(s), 0 left on base; New Amsterdam 2 - Rocky Mountain 4
This league is powered by Out of the Park Baseball, the baseball management simulation game for PC, Mac and Linux
Thursday, April 24th, 2014 - OOTP Baseball 14.6 Build 33